| TOP OF THE 1ST |
|
Florida State University Seminoles batting - Pitching for Coastal Carolina University Chanticleers : RHP Guy Jerome
|
|
Pitching: RHP Guy Jerome
|
|
|
Batting: RHB Efrain Cedeno
|
0-0: Called Strike 0-1: Ground out U3 (Groundball, 3S, EV 71.9 MPH)
|
|
Batting: RHB Yutaka Yamane
|
0-0: Ball 1-0: SINGLE (Line Drive, 6MD, EV 104.4 MPH)
|
|
Batting: LHB Raul Maldonado
|
0-0: DOUBLE (Flyball, 89D, EV 102.5 MPH) Yutaka Yamane to third
|
|
Batting: RHB Rafael Gil
|
0-0: Ball 1-0: Foul Ball, location: 2F 1-1: Foul Ball, location: 2F 1-2: Strikes out swinging
|
|
Batting: RHB Lupe Barrera
|
0-0: SINGLE (Groundball, 15S, EV 68.1 MPH) (infield hit) Yutaka Yamane scores Raul Maldonado to third
|
|
Batting: RHB Mark Conrad
|
0-0: Called Strike 0-1: Called Strike 0-2: Ball 1-2: Ball 2-2: Foul Ball, location: 2F 2-2: Ground out 1-3 (Groundball, 13, EV 76.3 MPH)
|
| Top of the 1st over - 1 run, 3 hits, 0 errors, 2 left on base; Florida State University 1 - Coastal Carolina University 0 |
| BOTTOM OF THE 1ST |
|
Coastal Carolina University Chanticleers batting - Pitching for Florida State University Seminoles : RHP Joe Sloboda
|
|
Pitching: RHP Joe Sloboda
|
|
|
Batting: RHB Steve Hutchins
|
0-0: Ball 1-0: Swinging Strike 1-1: Swinging Strike 1-2: Ground out 5-3 (Groundball, 56, EV 105.6 MPH)
|
|
Batting: SHB Brian Zazulak
|
0-0: Ground out U3 (Groundball, 34S, EV 83.1 MPH)
|
|
Batting: RHB Francisco Cabrera
|
0-0: Ball 1-0: Ground out 5-3 (Groundball, 56, EV 89.4 MPH)
|
| Bottom of the 1st over - 0 runs, 0 hits, 0 errors, 0 left on base; Florida State University 1 - Coastal Carolina University 0 |
| TOP OF THE 2ND |
|
Florida State University Seminoles batting - Pitching for Coastal Carolina University Chanticleers : RHP Guy Jerome
|
|
Batting: RHB Paul Holland
|
0-0: Fly out, F8 (Flyball, 8LD, EV 100.0 MPH)
|
|
Batting: RHB Jeremy Buck
|
0-0: DOUBLE (Flyball, 8RXD, EV 100.0 MPH)
|
|
Batting: RHB Mick Vaught
|
0-0: Called Strike 0-1: Ball 1-1: Ball 2-1: Foul Ball, location: 2F 2-2: Strikes out looking
|
|
Batting: RHB Efrain Cedeno
|
0-0: Ball 1-0: Ball 2-0: Ground out 5-3 (Groundball, 5L, EV 91.9 MPH)
|
| Top of the 2nd over - 0 runs, 1 hit, 0 errors, 1 left on base; Florida State University 1 - Coastal Carolina University 0 |
| BOTTOM OF THE 2ND |
|
Coastal Carolina University Chanticleers batting - Pitching for Florida State University Seminoles : RHP Joe Sloboda
|
|
Batting: RHB Tony Cabrera
|
0-0: Fly out, F9 (Flyball, 9LM, EV 80.6 MPH)
|
|
Batting: SHB Gustavo Froio
|
0-0: Foul Ball, location: 2F 0-1: Ball 1-1: DOUBLE (Flyball, 89XD, EV 98.1 MPH)
|
|
Batting: RHB Tony Gastelum
|
0-0: Ball 1-0: Called Strike 1-1: Swinging Strike 1-2: Foul Ball, location: 2F 1-2: Ball 2-2: Foul Ball, location: 2F 2-2: SINGLE (Groundball, 34, EV 111.3 MPH) Gustavo Froio to third
|
|
Batting: RHB Dave de Wolff
|
0-0: Swinging Strike 0-1: 3-RUN HOME RUN (Flyball, 9D, EV 96.3 MPH), Distance : 378 ft
|
|
Batting: RHB Robby Herrera
|
0-0: Swinging Strike 0-1: Foul Ball, location: 2F 0-2: Ball 1-2: Strikes out swinging
|
|
Batting: RHB Eric Zylstra
|
0-0: Ball 1-0: Ball 2-0: Swinging Strike 2-1: Called Strike 2-2: Foul Ball, location: 2F 2-2: Foul Ball, location: 2F 2-2: Strikes out looking
|
| Bottom of the 2nd over - 3 runs, 3 hits, 0 errors, 0 left on base; Florida State University 1 - Coastal Carolina University 3 |
| TOP OF THE 3RD |
|
Florida State University Seminoles batting - Pitching for Coastal Carolina University Chanticleers : RHP Guy Jerome
|
|
Batting: RHB Yutaka Yamane
|
0-0: Called Strike 0-1: Fly out, F8 (Flyball, 8RXD, EV 99.4 MPH)
|
|
Batting: LHB Raul Maldonado
|
0-0: Ball 1-0: SINGLE (Flyball, 89S, EV 88.1 MPH)
|
|
Batting: RHB Rafael Gil
|
0-0: Ball Raul Maldonado steals 2nd base 1-0: Fly out, F7 (Flyball, 7D, EV 103.1 MPH)
|
|
Batting: RHB Lupe Barrera
|
0-0: Called Strike 0-1: Foul Ball, location: 2F 0-2: Ball 1-2: Fly out, F7 (Flyball, 7LM, EV 87.5 MPH)
|
| Top of the 3rd over - 0 runs, 1 hit, 0 errors, 1 left on base; Florida State University 1 - Coastal Carolina University 3 |
| BOTTOM OF THE 3RD |
|
Coastal Carolina University Chanticleers batting - Pitching for Florida State University Seminoles : RHP Joe Sloboda
|
|
Batting: RHB Steve Hutchins
|
0-0: Fly out, F9 (Flyball, 89D, EV 97.5 MPH)
|
|
Batting: SHB Brian Zazulak
|
0-0: Ball 1-0: Fly out, F7 (Flyball, 78S, EV 85.6 MPH)
|
|
Batting: RHB Francisco Cabrera
|
0-0: Ground out 5-3 (Groundball, 56S, EV 83.1 MPH)
|
| Bottom of the 3rd over - 0 runs, 0 hits, 0 errors, 0 left on base; Florida State University 1 - Coastal Carolina University 3 |
| TOP OF THE 4TH |
|
Florida State University Seminoles batting - Pitching for Coastal Carolina University Chanticleers : RHP Guy Jerome
|
|
Batting: RHB Mark Conrad
|
0-0: Ball 1-0: Ball 2-0: Called Strike 2-1: Ground out 5-3 (Groundball, 56D, EV 103.1 MPH)
|
|
Batting: RHB Paul Holland
|
0-0: Called Strike 0-1: Swinging Strike 0-2: Foul Ball, location: 2F 0-2: Foul Ball, location: 2F 0-2: Strikes out looking
|
|
Batting: RHB Jeremy Buck
|
0-0: Called Strike 0-1: Ball 1-1: Ball 2-1: Ball 3-1: Base on Balls
|
|
Batting: RHB Mick Vaught
|
0-0: Called Strike 0-1: Ball 1-1: Fly out, F8 (Line Drive, 8LM, EV 103.1 MPH)
|
| Top of the 4th over - 0 runs, 0 hits, 0 errors, 1 left on base; Florida State University 1 - Coastal Carolina University 3 |
| BOTTOM OF THE 4TH |
|
Coastal Carolina University Chanticleers batting - Pitching for Florida State University Seminoles : RHP Joe Sloboda
|
|
Batting: RHB Tony Cabrera
|
0-0: Called Strike 0-1: Called Strike 0-2: Foul Ball, location: 2F 0-2: Ball 1-2: Ball 2-2: Foul Ball, location: 2F 2-2: Foul Ball, location: 2F 2-2: Ball 3-2: Strikes out swinging
|
|
Batting: SHB Gustavo Froio
|
0-0: Foul Ball, location: 2F 0-1: Swinging Strike 0-2: Ball 1-2: Ground out 4-3 (Groundball, 4, EV 81.3 MPH)
|
|
Batting: RHB Tony Gastelum
|
0-0: Ground out 3-1 (Groundball, 34, EV 98.8 MPH)
|
| Bottom of the 4th over - 0 runs, 0 hits, 0 errors, 0 left on base; Florida State University 1 - Coastal Carolina University 3 |
| TOP OF THE 5TH |
|
Florida State University Seminoles batting - Pitching for Coastal Carolina University Chanticleers : RHP Guy Jerome
|
|
Batting: RHB Efrain Cedeno
|
0-0: Called Strike 0-1: Foul Ball, location: 2F 0-2: Fly out, F7 (Flyball, 7, EV 94.4 MPH)
|
|
Batting: RHB Yutaka Yamane
|
0-0: Ball 1-0: Called Strike 1-1: Ground out 6-3 (Groundball, 6MD, EV 82.5 MPH)
|
|
Batting: LHB Raul Maldonado
|
0-0: Swinging Strike 0-1: Ball 1-1: Ball 2-1: Fly out, F6 (Popup, 6, EV 56.9 MPH)
|
| Top of the 5th over - 0 runs, 0 hits, 0 errors, 0 left on base; Florida State University 1 - Coastal Carolina University 3 |
| BOTTOM OF THE 5TH |
|
Coastal Carolina University Chanticleers batting - Pitching for Florida State University Seminoles : RHP Joe Sloboda
|
|
Batting: RHB Dave de Wolff
|
0-0: Foul Ball, location: 2F 0-1: SINGLE (Groundball, 4S, EV 97.5 MPH)
|
|
Batting: RHB Robby Herrera
|
0-0: Ball 1-0: Called Strike 1-1: Foul Ball, location: 2F 1-2: Ball Dave de Wolff steals 2nd, throwing error, E2 Dave de Wolff to third 2-2: SINGLE (Flyball, 9LS, EV 91.9 MPH) Dave de Wolff scores
|
|
Batting: RHB Eric Zylstra
|
0-0: Fly out, F8 (Flyball, 8RXD, EV 93.8 MPH)
|
|
Batting: RHB Steve Hutchins
|
0-0: Called Strike 0-1: Foul Ball, location: 2F 0-2: Ball 1-2: Foul Ball, location: 2F 1-2: Ball 2-2: Foul Ball, location: 2F 2-2: Foul Ball, location: 2F 2-2: Fielders Choice at 2nd, 5-4 (Groundball, 56S, EV 87.5 MPH)
|
|
Batting: SHB Brian Zazulak
|
0-0: Called Strike 0-1: SINGLE (Groundball, 4, EV 97.5 MPH) Steve Hutchins to second
|
|
Batting: RHB Francisco Cabrera
|
0-0: Ball 1-0: Foul Ball, location: 2F 1-1: Ball 2-1: Ball 3-1: 3-RUN HOME RUN (Flyball, 78XD, EV 108.1 MPH), Distance : 428 ft
|
|
Pitching: RHP Bill Couch
|
|
|
Batting: RHB Tony Cabrera
|
0-0: Ball 1-0: Foul Ball, location: 2F 1-1: Ground out 6-3 (Groundball, 6M, EV 98.8 MPH)
|
| Bottom of the 5th over - 4 runs, 4 hits, 1 error, 0 left on base; Florida State University 1 - Coastal Carolina University 7 |
| TOP OF THE 6TH |
|
Florida State University Seminoles batting - Pitching for Coastal Carolina University Chanticleers : RHP Guy Jerome
|
|
Batting: RHB Rafael Gil
|
0-0: Called Strike 0-1: Ball 1-1: Ball 2-1: Foul Ball, location: 2F 2-2: Fly out, F7 (Flyball, 78S, EV 84.4 MPH)
|
|
Batting: RHB Lupe Barrera
|
0-0: Called Strike 0-1: Foul Ball, location: 2F 0-2: Fly out, F3 (Flyball, 34D, EV 84.4 MPH)
|
|
Batting: RHB Mark Conrad
|
0-0: Ball 1-0: Fly out, F4 (Popup, 4M, EV 79.4 MPH)
|
| Top of the 6th over - 0 runs, 0 hits, 0 errors, 0 left on base; Florida State University 1 - Coastal Carolina University 7 |
| BOTTOM OF THE 6TH |
|
Coastal Carolina University Chanticleers batting - Pitching for Florida State University Seminoles : RHP Bill Couch
|
|
Batting: SHB Gustavo Froio
|
0-0: Ball 1-0: Ball 2-0: Ball 3-0: Called Strike 3-1: Fly out, F9 (Flyball, 9, EV 91.3 MPH)
|
|
Batting: RHB Tony Gastelum
|
0-0: Ground out 5-3 (Groundball, 56, EV 82.5 MPH)
|
|
Batting: RHB Dave de Wolff
|
0-0: Called Strike 0-1: Called Strike 0-2: Ground out 5-3 (Groundball, 56S, EV 91.3 MPH)
|
| Bottom of the 6th over - 0 runs, 0 hits, 0 errors, 0 left on base; Florida State University 1 - Coastal Carolina University 7 |
| TOP OF THE 7TH |
|
Florida State University Seminoles batting - Pitching for Coastal Carolina University Chanticleers : RHP Guy Jerome
|
|
Batting: RHB Paul Holland
|
0-0: Ball 1-0: Ground out 4-3 (Groundball, 4S, EV 82.5 MPH)
|
|
Pitching: RHP Seth Wright
|
|
|
Pinch Hitting: RHB Brad Brady
|
0-0: Ball 1-0: Ball 2-0: Called Strike 2-1: Ball 3-1: Foul Ball, location: 2F 3-2: SINGLE (Groundball, 4MD, EV 95.0 MPH)
|
|
Batting: RHB Mick Vaught
|
0-0: DOUBLE (Groundball, 5L, EV 105.6 MPH) Brad Brady to third
|
|
Batting: RHB Efrain Cedeno
|
0-0: SINGLE (Groundball, 25, EV 65.0 MPH) (infield hit)
|
|
Pinch Hitting: RHB Sal Guzman
|
0-0: Called Strike 0-1: Called Strike 0-2: Foul Ball, location: 2F 0-2: Foul Ball, location: 2F 0-2: Ball 1-2: Fielders Choice at 2nd, 4-6 (Groundball, 4M, EV 89.4 MPH) Brad Brady scores Mick Vaught to third
|
|
Batting: LHB Raul Maldonado
|
0-0: Ball 1-0: Foul Ball, location: 2F 1-1: Swinging Strike 1-2: Strikes out swinging
|
| Top of the 7th over - 1 run, 3 hits, 0 errors, 2 left on base; Florida State University 2 - Coastal Carolina University 7 |
| BOTTOM OF THE 7TH |
|
Coastal Carolina University Chanticleers batting - Pitching for Florida State University Seminoles : RHP Bill Couch
|
|
Now at 1B: Sal Guzman
|
|
|
Now in CF: Alex Noval
|
|
|
Batting: RHB Robby Herrera
|
0-0: Called Strike 0-1: Ball 1-1: Foul Ball, location: 2F 1-2: Strikes out swinging
|
|
Batting: RHB Eric Zylstra
|
0-0: Called Strike 0-1: Swinging Strike 0-2: Strikes out swinging
|
|
Batting: RHB Steve Hutchins
|
0-0: Ball 1-0: Called Strike 1-1: Ball 2-1: Ball 3-1: DOUBLE (Flyball, 89D, EV 106.9 MPH)
|
|
Pitching: RHP Bobby Altamirano
|
|
|
Batting: SHB Brian Zazulak
|
0-0: Ball 1-0: Ball 2-0: DOUBLE (Flyball, 8LXD, EV 95.0 MPH) Steve Hutchins scores
|
|
Batting: RHB Francisco Cabrera
|
0-0: Ball 1-0: Swinging Strike 1-1: Called Strike 1-2: Ball 2-2: Ground out 6-3 (Groundball, 6, EV 101.3 MPH)
|
| Bottom of the 7th over - 1 run, 2 hits, 0 errors, 1 left on base; Florida State University 2 - Coastal Carolina University 8 |
| TOP OF THE 8TH |
|
Florida State University Seminoles batting - Pitching for Coastal Carolina University Chanticleers : RHP Seth Wright
|
|
Pinch Hitting: RHB Bill Nguyen-Tan
|
0-0: Foul Ball, location: 2F 0-1: Ball 1-1: Ball 2-1: Foul Ball, location: 2F 2-2: Ball 3-2: Strikes out swinging
|
|
Batting: RHB Lupe Barrera
|
0-0: Ball 1-0: Ball 2-0: Ball 3-0: Called Strike 3-1: Ground out 5-3 (Groundball, 5S, EV 68.8 MPH)
|
|
Batting: RHB Mark Conrad
|
0-0: Called Strike 0-1: SINGLE (Flyball, 8LS, EV 89.4 MPH)
|
|
Pinch Hitting: LHB Bill Girton
|
0-0: Ball 1-0: Ball 2-0: Ball 3-0: Called Strike 3-1: Foul Ball, location: 2F 3-2: DOUBLE (Flyball, 8LXD, EV 104.4 MPH) Mark Conrad to third Mark Conrad scores
|
|
Pitching: LHP Ivan Osornio
|
|
|
Batting: SHB Alex Noval
|
0-0: Foul Ball, location: 2F 0-1: Called Strike 0-2: Ball 1-2: Ball 2-2: Ball 3-2: Strikes out swinging
|
| Top of the 8th over - 1 run, 2 hits, 0 errors, 1 left on base; Florida State University 3 - Coastal Carolina University 8 |
| BOTTOM OF THE 8TH |
|
Coastal Carolina University Chanticleers batting - Pitching for Florida State University Seminoles : RHP Bobby Altamirano
|
|
Now at 3B: Tin-jong Ping
|
|
|
Now in LF: Bill Girton
|
|
|
Batting: RHB Tony Cabrera
|
0-0: Called Strike 0-1: Ball 1-1: Ball 2-1: Ball 3-1: Called Strike 3-2: DOUBLE (Line Drive, 78M, EV 93.1 MPH)
|
|
Batting: SHB Gustavo Froio
|
0-0: Ball 1-0: Ground out 6-3 (Groundball, 6, EV 82.5 MPH) Tony Cabrera to third
|
|
Batting: RHB Tony Gastelum
|
0-0: Ball 1-0: Called Strike 1-1: Called Strike 1-2: Strikes out swinging
|
|
Batting: RHB Dave de Wolff
|
0-0: Called Strike 0-1: Swinging Strike 0-2: Strikes out swinging, 2-3 out at first.
|
| Bottom of the 8th over - 0 runs, 1 hit, 0 errors, 1 left on base; Florida State University 3 - Coastal Carolina University 8 |
| TOP OF THE 9TH |
|
Florida State University Seminoles batting - Pitching for Coastal Carolina University Chanticleers : LHP Ivan Osornio
|
|
Pinch Hitting: RHB Daniel Pena
|
0-0: Ball 1-0: Ball 2-0: Ground out 4-3 (Groundball, 4, EV 95.6 MPH)
|
|
Batting: RHB Efrain Cedeno
|
0-0: Called Strike 0-1: SINGLE (Line Drive, 3D, EV 103.1 MPH)
|
|
Batting: RHB Sal Guzman
|
0-0: Called Strike 0-1: Fly out, F7 (Flyball, 7, EV 90.0 MPH)
|
|
Batting: LHB Raul Maldonado
|
0-0: Called Strike 0-1: Ball 1-1: SINGLE (Groundball, 6MD, EV 106.9 MPH) Efrain Cedeno to second
|
|
Batting: RHB Tin-jong Ping
|
0-0: Ball 1-0: Ball 2-0: Fly out, F4 (Popup, 4M, EV 78.1 MPH)
|
| Top of the 9th over - 0 runs, 2 hits, 0 errors, 2 left on base; Florida State University 3 - Coastal Carolina University 8 |
|